 Dungeon Crawl Stone Soup version 0.28-a0-1524-ge72afd5fc6 (webtiles) character file.

Game seed: 10428325945970574269

9 fragbeetle the Digger (level 2, 0/15 HPs)
             Began as a Gargoyle Earth Elementalist on Jan 18, 2022.
             Slain by a jackal (1 damage)
             ... on level 1 of the Dungeon.
             The game lasted 00:01:08 (541 turns).

fragbeetle the Digger (Gargoyle Earth Elementalist)  Turns: 541, Time: 00:01:09

Health: 0/15       AC:  4    Str: 11    XL:     2   Next: 12%
Magic:  4/5        EV: 12    Int: 15    God:
Gold:   36         SH:  0    Dex: 10    Spells: 4/5 levels left

rFire   . . .      SeeInvis .   a - +0 dagger
rCold   . . .      Faith    .   (no shield)
rNeg    + . .      Spirit   .   b - +0 robe
rPois   ∞          Reflect  .   (no helmet)
rElec   +          Harm     .   (no cloak)
rCorr   .          Rampage  .   (no gloves)
Will    .....                   (no boots)
Stlth   ++........              (no amulet)
HPRegen 0.05/turn               (no ring)
MPRegen 0.09/turn               (no ring)

@: no status effects
A: sickness immunity, AC +2, negative energy resistance 1, electricity
resistance, torment resistance 1, petrification resistance
a: no special abilities


You were on level 1 of the Dungeon.
You visited 1 branch of the dungeon, and saw 1 of its levels.

You collected 36 gold pieces.

Inventory:

Hand Weapons
 a - a +0 dagger (weapon)
Missiles
 c - 42 stones
 e - 26 sling bullets
Armour
 b - a +0 robe (worn)
Scrolls
 d - 2 scrolls of vulnerability {unknown}


   Skills:
 + Level 1.7 Dodging
 + Level 2.4 Stealth
 + Level 2.1 Spellcasting
 + Level 1.0 Transmutations
 + Level 3.8 Earth Magic


You had 4 spell levels left.
You knew the following spells:

 Your Spells              Type           Power      Damage    Failure   Level
a - Sandblast             Erth           26%        2d8       4%          1

Your spell library contained the following spells:

 Spells                   Type           Power      Damage    Failure   Level
 Passwall                 Tmut/Erth      6%         N/A       12%         2
 Stone Arrow              Conj/Erth      14%        3d7       30%         3
 Petrify                  Tmut/Erth      8%         N/A       63%         4


Dungeon Overview and Level Annotations

Branches:
Dungeon (1/15)

Altars:


Innate Abilities, Weirdness & Mutations

You are immune to sickness and miasma.
Your stone body is resilient. (AC +2)
You are immune to poison.
You resist negative energy. (rN+)
You are resistant to electric shocks. (rElec)
You are resistant to unholy torment.
You are immune to petrification.


Message History

The jackal is moderately wounded.
The jackal bites you but does no damage.
The kobold throws a stone.
The stone hits you but does no damage. The jackal closely misses you.
You hit the jackal but do no damage.
The jackal is moderately wounded.
The jackal bites you but does no damage.
The kobold throws a stone.
The stone barely misses you.
You hit the jackal.
The jackal is heavily wounded.
The jackal bites you.
The kobold throws a stone.
The stone hits you but does no damage.
The jackal bites you but does no damage.
You hit the jackal but do no damage.
The jackal is heavily wounded.
The jackal misses you.
You closely miss the jackal.
The jackal is heavily wounded.
The jackal completely misses you.
The kobold throws a stone.
The stone barely misses you. The jackal completely misses you.
The kobold hits you with a +0 whip. The jackal bites you.
You closely miss the kobold. The jackal bites you.
The kobold barely misses you.
You barely miss the kobold.
The jackal bites you but does no damage.
The kobold hits you with a +0 whip.
* * * LOW HITPOINT WARNING * * *
The jackal closely misses you.
You are too injured to fight recklessly!
Unknown command.
Casting: Sandblast (safe; 4% risk of failure)
Confirm with . or Enter, or press ? or * to list all spells.
Aiming: Sandblast (safe; 4% risk of failure)
Press: ? - help, Shift-Dir - straight line, f - kobold
Aim: a kobold, wielding a +0 whip and quivering stones (74% to hit)
The blast of sand hits the kobold.
You kill the kobold!
The jackal bites you.
You die...

...#####....####### ..#
#....# #####....########
................# .#
#...####............#
.#.####...####............#
.#..............#.#########.
..........#.##..)...#≈#.....
.#....#...#.##..@....#......
................h...........
..........#.#...#..........#
..........†.+..##..........#
.########.#.........†.......
.# #.#................. .#
#.#.........####.... .#
#.##.......## #... .#
#.###......# .h.


You could see a jackal.

Vanquished Creatures
  2 endoplasms (D:1)
  A hobgoblin (D:1)
  2 jackals (D:1)
  A bat (D:1)
  2 kobolds (D:1)
  A rat (D:1)
9 creatures vanquished.

Notes
Turn   | Place    | Note
-------+----------+-------------------------------------------
     0 | D:1      | fragbeetle the Gargoyle Earth Elementalist began the quest
                  | for the Orb.
     0 | D:1      | Reached XP level 1. HP: 10/10 MP: 3/3
   517 | D:1      | Reached skill level 1 in Transmutations
   517 | D:1      | Reached XP level 2. HP: 15/15 MP: 3/5
   541 | D:1      | Slain by a jackal

Illustrated notes

Levels and vault maps discovered:
D:1:      minmay_arrival_loop, layout_basic, kennysheep_decorative_pillar,
          chequers_serial_rivers_small_b

Skill      XL: |  1 |
---------------+----+-----
Transmutations | 1 |  1.0
Dodging        | |  1.7
Stealth        | |  2.4
Spellcasting   | |  2.1
Earth Magic    | |  3.8

Action                   || total
-------------------------++-------
Melee: Dagger            ||    26
 Cast: Sandblast         ||     6
Armor: Robe              ||    12
Dodge: Dodged            ||    16

Table legend: (Time is in decaauts)
 A = Elapsed time spent in this place.
 B = Non-inter-level travel time spent in this place.
 C = Inter-level travel time spent in this place.
 D = Time resting spent in this place.
 E = Time spent auto-exploring this place.
 F = Levels seen in this place.
 G = Mean time per level.
                   A        B        C        D        E       F      G
               +--------+--------+--------+--------+--------+-----+--------+
         Total |    540 |    540 |      0 |    239 |    166 |   1 |  540.0 |
       Dungeon |    540 |    540 |      0 |    239 |    166 |   1 |  540.0 |
               +--------+--------+--------+--------+--------+-----+--------+

Top non-repeatable levels by time:
     D:1: 540 daAuts
